 Dungeon Crawl Stone Soup version 0.15-a0-1345-gc375f20 (console) character file.

1120 ElvenKing the Grappler (level 8, -4/64 HPs)
             Began as a Minotaur Monk on June 8, 2014.
             Was a Priest of Cheibriados.
             Slain by a troll (7 damage)
             ... on Level 9 of the Dungeon.
             The game lasted 00:09:04 (1872 turns).

ElvenKing the Grappler (Minotaur Monk)              Turns: 1872, Time: 00:09:05

HP  -4/64        AC  5     Str 25      XL: 8   Next: 12%
MP   7/10        EV 15     Int 14      God: Cheibriados [***...]
Gold 72          SH  0     Dex 20      Spells:  0 memorised,  7 levels left

rFire  . . .     SeeInvis .       - Unarmed
rCold  . . .     Clarity  .     r - +0 ring mail
rNeg   . . .     rCorr    +     (no shield)
rPois  .         rRot     .     (helmet restricted)
rElec  .         Spirit   .     (no cloak)
SustAb .         Warding  .     (no gloves)
rMut   .         Stasis   .     (no boots)
Gourm  .                        q - amulet of resist corrosion
MR     .....                    (no ring)
                                (no ring)

@: very slow, not resistant to hostile enchantments, very unstealthy
A: retaliatory headbutt, horns 2
a: Bend Time, Temporal Distortion, Renounce Religion


You were on level 9 of the Dungeon.
You worshipped Cheibriados.
Cheibriados was most pleased with you.
You were not hungry.

You visited 1 branch of the dungeon, and saw 9 of its levels.

You collected 233 gold pieces.
You spent 161 gold pieces at shops.

Inventory:

Hand weapons
 o - a +0 blowgun
 y - a +1,+2 crossbow
Missiles
 v - 16 bolts
Armour
 a - a +0 robe
 d - a +0 leather armour
 r - a +0 ring mail (worn)
 t - a +0 scale mail
 w - a +0 leather armour
 x - a +1 plate armour
Comestibles
 b - 4 bread rations
 g - a meat ration
 h - a beef jerky
 s - 10 fruits
 A - 2 royal jellies
Scrolls
 c - 2 scrolls of immolation
 e - a scroll of enchant armour {unknown}
 k - a scroll of fog {unknown}
 l - 3 scrolls of blinking
 m - a scroll of magic mapping {unknown}
 n - 2 scrolls of remove curse
 p - a scroll of teleportation {unknown}
 u - a scroll of fear {unknown}
Jewellery
 q - an amulet of resist corrosion (around neck)
Potions
 f - 2 potions of heal wounds
 i - a potion of magic
 j - 2 potions of haste
 z - a potion of paralysis {unknown}


   Skills:
 - Level 3.6 Fighting
 + Level 6.5 Dodging
 - Level 1.5 Stealth
 + Level 8.1 Unarmed Combat
 + Level 5.0 Invocations


You had 7 spell levels left.
You didn't know any spells.

Dungeon Overview and Level Annotations

Branches:
Dungeon (9/15)             Temple (0/1) D:4
    Orc: D:9-12        Lair: D:8-11

Altars:
Cheibriados
Dithmenos
Elyvilon
Fedhas
Qazlal
Vehumet

Shops:
D:4 %   D:5 ?

Annotations:
D:5 Pikel


Innate Abilities, Weirdness & Mutations

You reflexively headbutt those who attack you in melee.
You have a pair of horns on your head.


Message History

The troll completely misses you. The troll closely misses you.
The troll claws you!
Press: ? - help, v - describe, . - travel
Here: a troll (moving slowly)
The floor.
You punch the troll! Your headbutt misses the troll.
The troll is moderately wounded.
You punch the troll! You headbutt the troll.
The troll is severely wounded.
The troll bites you. The troll claws you!
* * * LOW HITPOINT WARNING * * *
The troll completely misses you.
You hit the troll.
The troll is severely wounded.
You hit the troll.
The troll is almost dead.
The troll bites you!
* * * LOW HITPOINT WARNING * * *
The troll barely misses you. The troll claws you!
You die...

#............
#............
##............
####....###..###.
####.........#..#
.
#........###..#..
. ###........#
##... .
####.......####
###. .
#......>@....# .
#......T.....# .
...#...##...#
###..## #...#
#..# #.### ..#
#.. . #.. .


You could see a troll.

Vanquished Creatures
  Erolcha (D:8)
  An orc warrior (D:8)
  3 slaves (D:5)
  A phantom (D:9)
  A necrophage (D:6)
  A giant frog (D:5)
  A hippogriff skeleton (D:8)
  A crimson imp (D:8)
  2 jellies
  A hound (D:4)
  An iguana (D:5)
  A hound skeleton (D:5)
  3 gnolls (D:3)
  2 adders
  2 shadow imps (D:9)
  A worm (D:3)
  2 giant geckos
  12 orcs
  2 bats
  6 giant cockroaches
  3 hobgoblins
  5 jackals
  7 kobolds
  2 quokkas
  8 goblins
  A goblin skeleton (D:5)
  4 rats
  A plant (D:3)
76 creatures vanquished.

Notes
Turn   | Place    | Note
--------------------------------------------------------------
     0 | D:1      | ElvenKing, the Minotaur Monk, began the quest for the Orb.
     0 | D:1      | Reached XP level 1. HP: 19/19 MP: 1/1
   165 | D:2      | Reached XP level 2. HP: 16/26 MP: 1/1
   170 | D:2      | Reached skill level 5 in Unarmed Combat
   397 | D:3      | Found a radiant altar of Vehumet.
   432 | D:3      | Reached XP level 3. HP: 26/31 MP: 2/2
   503 | D:3      | HP: 1/31 [gnoll/spear (6)]
   688 | D:3      | Found a snail-covered altar of Cheibriados.
   688 | D:3      | Found a shadowy altar of Dithmenos.
   688 | D:3      | Found a blossoming altar of Fedhas.
   722 | D:3      | Became a worshipper of Cheibriados the Contemplative
   749 | D:3      | Reached skill level 6 in Unarmed Combat
   749 | D:3      | Reached XP level 4. HP: 17/39 MP: 2/2
   773 | D:4      | Reached skill level 1 in Invocations
   829 | D:4      | Found Jugeom's Food Shoppe.
  1023 | D:4      | Found a staircase to the Ecumenical Temple.
  1073 | D:5      | Entered Level 5 of the Dungeon
  1129 | D:5      | Reached XP level 5. HP: 31/45 MP: 2/3
  1155 | D:5      | Noticed a giant frog
  1162 | D:5      | Killed a giant frog
  1309 | D:5      | Noticed a slave
  1309 | D:5      | Noticed a slave
  1310 | D:5      | Noticed Pikel
  1310 | D:5      | Noticed a slave
  1313 | D:5      | Noticed a slave
  1325 | D:5      | Killed a slave
  1332 | D:5      | Killed a slave
  1338 | D:5      | Killed a slave
  1427 | D:5      | Found a white marble altar of Elyvilon.
  1554 | D:5      | Found Antaoj's Magic Scroll Emporium.
  1585 | D:5      | Bought a scroll of blinking for 105 gold pieces
  1585 | D:5      | Bought a scroll of identify for 28 gold pieces
  1585 | D:5      | Bought a scroll of identify for 28 gold pieces
  1646 | D:6      | Noticed a necrophage
  1650 | D:6      | Killed a necrophage
  1650 | D:6      | Reached XP level 6. HP: 51/51 MP: 4/6
  1679 | D:8      | Noticed Erolcha
  1684 | D:8      | Killed Erolcha
  1684 | D:8      | Reached skill level 5 in Dodging
  1684 | D:8      | Reached skill level 7 in Unarmed Combat
  1684 | D:8      | Reached XP level 7. HP: 57/57 MP: 6/8
  1710 | D:8      | Acquired Cheibriados' first power
  1734 | D:8      | Found a stormy altar of Qazlal.
  1782 | D:7      | Found a stormy altar of Qazlal.
  1821 | D:9      | Reached skill level 8 in Unarmed Combat
  1821 | D:9      | Reached XP level 8. HP: 60/64 MP: 9/9
  1827 | D:9      | Reached skill level 5 in Invocations
  1864 | D:9      | Noticed a troll
  1872 | D:9      | HP: 3/64 [troll (10)]
  1872 | D:9      | Slain by a troll

Action                   |  1- 3 |  4- 6 |  7- 9 || total
-------------------------+-------+-------+-------++-------
Melee: Unarmed           |    87 |    60 |    23 ||   170
Invok: Bend Time         |       |       |     1 ||     1
  Use: Scroll            |       |     8 |       ||     8
       Potion            |       |     2 |       ||     2
 Stab: Distracted        |       |     1 |       ||     1
